 Dungeon Crawl Stone Soup version 0.31-a0-1074-g0b22e4e0f1 (webtiles) character file.

Game seed: 3214132733407529787

79 IdlyInterested the Changeling (level 4, -3/34 HPs)
             Began as a Demonspawn Shapeshifter on Dec 7, 2023.
             Slain by Grinder (5 damage)
             ... on level 3 of the Dungeon.
             The game lasted 00:04:18 (1622 turns).

IdlyInterested the Changeling (DsSh)                Turns: 1622, Time: 00:04:19

Health: -3/34      AC:  8    Str: 14    XL:     4   Next: 16%
Magic:  3/3        EV:  7    Int: 11    God:
Gold:   117        SH:  0    Dex: 13    Spells: 3/3 levels left

rFire   . .          .
                       - Unarmed
rCold   . . .        (no shield)
rNeg    . . .        p - +0 chain mail
rPois   .            (helmet currently unavailable)
rElec   .            (cloak currently unavailable)
rCorr   .            (gloves currently unavailable)
SInv    .            (boots currently unavailable)
Will    .....        (no amulet) Stlth
                     (no ring)
HPRegen 0.25/turn    (no ring)
MPRegen 0.08/turn

%: no passive effects
@: beast-form, hasted, very quick
A: beast (slay +1), spiny 1, weakness stinger 1, clumsy 1, low MP 1, MP-powered
wands
a: Begin Untransformation


You were on level 3 of the Dungeon.
You were a hulking beast.
You visited 1 branch of the dungeon, and saw 3 of its levels.

You collected 117 gold pieces.

Inventory:

Hand Weapons
 j - a +0 dagger
Missiles
 a - 10 stones (quivered)
 o - 2 poisoned darts
Armour
 h - a +0 ring mail
 k - a +0 pair of gloves
 n - a +0 helmet
 p - a +0 chain mail (worn)
Talismans
 c - a beast talisman
 d - a flux talisman
Wands
 q - a wand of flame (19)
 s - a wand of charming (4)
Scrolls
 e - a scroll of revelation {unknown}
 g - a scroll of identify {unknown}
 i - a scroll of poison {unknown}
 l - a scroll of noise {unknown}
 r - a scroll of vulnerability {unknown}
Potions
 b - a potion of lignification
 f - a potion of mutation


   Skills:
 * Level 2.6 Fighting
 + Level 2.0 Dodging
 - Level 3.0 Unarmed Combat
 * Level 3.4 Shapeshifting


You had 3 spell levels left.
You didn't know any spells.
Your spell library contained the following spells:

 Spells                   Type           Power      Damage    Failure   Level
 Kiss of Death            Conj/Necr      0%         2d5       100%        1
 Confusing Touch          Hex            0%         N/A       100%        3
 Dazzling Flash           Conj/Hex       0%         N/A       100%        3
 Volatile Blastmotes      Fire/Tloc      0%         2d10      100%        3
 Dispel Undead            Necr           0%         3d6       100%        4
 Starburst                Conj/Fire      0%         6d3       100%        6
 Maxwell's Capacitive Co  Air            0%         ∞         100%        8


Dungeon Overview and Level Annotations

Branches:
Dungeon (3/15)

Altars:

Annotations:
D:3 Grinder


Innate Abilities, Weirdness & Mutations

You are a hulking beast.
Your limbs bulge with bestial killing power. (Slay +1)
You are partially covered in sharp spines.
You have a small tail.
You are clumsy. (Dex -2)
Your magical capacity is low. (-10% MP)
You expend magic power (3 MP) to strengthen your wands.


Message History

The giant cockroach is almost dead.
The giant cockroach is struck by your spines.
You kill the giant cockroach!
You now have 117 gold pieces (gained 13).
s - a wand of charming (4)
A goblin comes into view. It is wielding a +0 club.
Found 11 gold pieces.
The goblin shouts!
You hear an angry hiss.
A frilled lizard comes into view.
Grinder comes into view.
Grinder shouts!
The goblin is struck by your spines. The goblin hits you but does no damage.
You hit the goblin.
You kill the goblin!
You see here a +0 club.
You closely miss the frilled lizard. The frilled lizard barely misses you.
You hit Grinder but do no damage.
The frilled lizard is struck by your spines.
You kill the frilled lizard!
Grinder hits you.
You writhe in agony.
You hit Grinder.
Your tail-slap misses Grinder.
Grinder is lightly wounded.
Grinder is struck by your spines. Grinder hits you.
You writhe in agony.
You closely miss Grinder.
Grinder is lightly wounded.
Grinder hits you but does no damage.
You closely miss Grinder.
Grinder is lightly wounded.
Grinder hits you!
You writhe in agony.
You hit Grinder.
Grinder is moderately wounded.
Grinder hits you but does no damage.
You hit Grinder.
Grinder is moderately wounded.
Grinder hits you!
* * * LOW HITPOINT WARNING * * *
You feel yourself speed up. Grinder is struck by your spines. Grinder hits you.
* * * LOW HITPOINT WARNING * * *
You writhe in agony.
You die...
Grinder says, "Now the real fun starts!"

.####..#.#.#.#
#..#.#.#.#
.#.#####.#.#.#.#
...........#.#.#
.#.#####.#.#.#.# .
...........#.#.#
.....#####.###.#.#
.....###.........#
#....5h.....#.#..
.......†.........
.............###.
.#.#.$##.....# #
#.. #.....# ....
......# #.#.
#....## ....
.....#


You could see Grinder.

Vanquished Creatures
  Ijyb (D:3)
  An adder (D:2)
  2 dart slugs
  An orc (D:2)
  2 endoplasms
  A giant cockroach (D:3)
  2 goblins
  6 hobgoblins
  2 jackals (D:1)
  3 quokkas (D:2)
  4 ball pythons
  3 bats
  3 frilled lizards
  2 kobolds (D:2)
  7 rats
40 creatures vanquished.

Notes
Turn   | Place    | Note
-------+----------+-------------------------------------------
     0 | D:1      | IdlyInterested the Demonspawn Shapeshifter began the quest
                  | for the Orb.
     0 | D:1      | Reached XP level 1. HP: 15/15 MP: 1/1
   178 | D:1      | Discovered your monstrous ancestry.
   178 | D:1      | Gained mutation: You have a small tail. [demonic ancestry]
   178 | D:1      | Reached XP level 2. HP: 18/21 MP: 2/2
   252 | D:1      | Found a faded altar of an unknown god.
   694 | D:1      | Gained mutation: Your magical capacity is low. (-10% MP)
                  | [potion of mutation]
   694 | D:1      | Gained mutation: You are clumsy. (Dex -2) [potion of
                  | mutation]
   694 | D:1      | Gained mutation: You expend magic power (3 MP) to
                  | strengthen your wands. [potion of mutation]
   845 | D:2      | Reached XP level 3. HP: 21/27 MP: 2/2
  1462 | D:3      | Noticed Ijyb
  1480 | D:3      | Killed Ijyb
  1481 | D:3      | Gained mutation: You are partially covered in sharp spines.
                  | [demonic ancestry]
  1481 | D:3      | Reached XP level 4. HP: 28/34 MP: 3/3
  1611 | D:3      | Noticed Grinder
  1622 | D:3      | Slain by Grinder

Illustrated notes

Levels and vault maps discovered:
D:1:      kennysheep_arrival_seaside, layout_basic,
          shapermc_ecumenical_altar_totnotflames, chequers_mini_garden
D:2:      layout_basic
D:3:      layout_basic, uniq_ijyb, uniq_robin, uniq_grinder

Skill      XL: |  1  2  3 |
---------------+----------+-----
Shapeshifting  | 3 |  3.4
Fighting       | 2 |  2.6
Unarmed Combat | 3 |  3.0
Dodging        | 2 |  2.0

Action                     |  1- 3 |  4- 6 || total
---------------------------+-------+-------++-------
  Melee: Unarmed           |   121 |    12 ||   133
         Tailslap          |     9 |     2 ||    11
         Punch             |     2 |       ||     2
  Throw: Stone             |     1 |       ||     1
    Use: Potion            |     2 |     1 ||     3
 Armour: Animal skin       |     5 |       ||     5
         Leather armour    |     3 |       ||     3
         Ring mail         |    39 |       ||    39
         Chain mail        |     8 |     9 ||    17
  Dodge: Dodged            |    63 |     2 ||    65

Table legend: (Time is in decaauts)
 A = Elapsed time spent in this place.
 B = Non-inter-level travel time spent in this place.
 C = Inter-level travel time spent in this place.
 D = Time resting spent in this place.
 E = Time spent auto-exploring this place.
 F = Levels seen in this place.
 G = Mean time per level.
                   A        B        C        D        E       F      G
               +--------+--------+--------+--------+--------+-----+--------+
         Total |   1596 |   1501 |     95 |     62 |   1035 |   3 |  532.0 |
       Dungeon |   1596 |   1501 |     95 |     62 |   1035 |   3 |  532.0 |
               +--------+--------+--------+--------+--------+-----+--------+

Top non-repeatable levels by time:
     D:1: 751 daAuts
     D:2: 702 daAuts
     D:3: 141 daAuts
